 Dungeon Crawl Stone Soup version 0.29.1-12-g30fa7ad0bf (webtiles) character file.

Game seed: 4422234401984953521

5626 112233 the Geomancer (level 10, 0/45 HPs)
             Began as a Felid Earth Elementalist on Dec 17, 2022.
             Was a High Priest of Vehumet.
             Slain by an orc warrior
             ... wielding a +1 halberd of protection
              (9 damage)
             ... on level 2 of the Orcish Mines.
             The game lasted 00:14:58 (15805 turns).

112233 the Geomancer (Felid Earth Elementalist)    Turns: 15805, Time: 00:14:58

Health: 0/45       AC:  2    Str:  4    XL:     10   Next: 46%
Magic:  25/25      EV: 23    Int: 26    God:    Vehumet [*****.]
Gold:   833        SH:  0    Dex: 18    Spells: 14/29 levels left
                                        Lives:  0   Deaths: 3

rFire   . . .      SeeInvis +   (weapon unavailable)
rCold   . . .      Faith    .   (shield unavailable)
rNeg    . . .      Spirit   .   (body armour unavailable)
rPois   .          Reflect  .   (helmet unavailable)
rElec   .          Harm     .   (cloak unavailable)
rCorr   .          Rampage  .   (gloves unavailable)
Will    +....                   (boots unavailable)
Stlth   ++........              C - amulet of magic regeneration
HPRegen 0.15/turn               e - ring of wizardry
MPRegen 0.59/turn               D - +6 ring of intelligence

@: marked, quick
A: very small, claws 1, fangs 3, see invisible, speed 1, shaggy fur 2, stealthy
paws, no weapons or thrown items, no armour, multi-lived
a: Renounce Religion


You were on level 2 of the Orcish Mines.
You worshipped Vehumet.
Vehumet was extremely pleased with you.
You visited 2 branches of the dungeon, and saw 12 of its levels.
You also visited: Ossuary.

You collected 1037 gold pieces.
You spent 204 gold pieces at shops.

Inventory:

Jewellery
 b - a +4 ring of evasion
 e - a ring of wizardry (left paw)
 C - an amulet of magic regeneration (around neck)
 D - a +6 ring of intelligence (right paw)
Wands
 d - a wand of iceblast (12)
 f - a wand of light (7)
 h - a wand of paralysis (6)
 n - a wand of polymorph (17)
 H - a wand of mindburst (9)
Scrolls
 c - 9 scrolls of amnesia
 i - a scroll of brand weapon
 m - a scroll of poison
 o - a scroll of vulnerability {unknown}
 u - 3 scrolls of immolation
 v - 2 scrolls of silence
 x - 2 scrolls of butterflies
 B - 4 scrolls of teleportation
 E - 3 scrolls of identify
 F - 4 scrolls of enchant weapon {unknown}
 G - a scroll of blinking {unknown}
 I - 3 scrolls of torment {unknown}
Potions
 a - a potion of magic
 g - 3 potions of might
 j - 3 potions of brilliance {unknown}
 k - 7 potions of heal wounds {unknown}
 l - 2 potions of resistance {unknown}
 p - a potion of ambrosia {unknown}
 q - 6 potions of curing
 r - a potion of berserk rage {unknown}
 s - 2 potions of flight {unknown}
 t - 2 potions of lignification {unknown}
 w - 2 potions of degeneration {unknown}
 J - a potion of cancellation {unknown}
 K - 6 potions of mutation {unknown}
 L - a potion of invisibility {unknown}
Miscellaneous
 y - a condenser vane (inert)
 z - a tin of tremorstones (2/2)


   Skills:
 + Level 6.2 Fighting
 + Level 8.8 Dodging
 - Level 2.7 Stealth
 + Level 10.1 Spellcasting
 + Level 5.6 Conjurations
 - Level 1.1 Transmutations
 - Level 10.3 Earth Magic


You had 14 spell levels left.
You knew the following spells:

 Your Spells              Type           Power      Damage    Failure   Level
a - Sandblast             Erth           100%       2d20      1%          1
b - Stone Arrow           Conj/Erth      100%       3d13      1%          3
c - Passwall              Tmut/Erth      35%        N/A       1%          2
d - Petrify               Tmut/Erth      43%        N/A       1%          4
e - Freezing Cloud        Conj/Ice/Air   11%        6-21      7%          5

Your spell library contained the following spells:

 Spells                   Type           Power      Damage    Failure   Level
 Irradiate                Conj/Tmut      15%        3d16      3%          5
 Freeze                   Ice            52%        1d7       1%          1
 Static Discharge         Conj/Air       27%        3-7/arc   1%          2
 Conjure Flame            Conj/Fire      27%        6-21      1%          3
 Frozen Ramparts          Ice            26%        1d4       1%          3
 Ignite Poison            Fire/Tmut/Pois 15%        N/A       1%          3
 Hailstorm                Conj/Ice       27%        3d7       1%          4
 Sticky Flame             Conj/Fire      27%        2d5       1%          4
 Iron Shot                Conj/Erth      26%        9d6       3%          6
 Dispel Undead            Necr           13%        3d9       17%         4
 Blade Hands              Tmut           9%         N/A       30%         5
 Animate Armour           Summ/Erth      Unusable   N/A       N/A         4

Dungeon Overview and Level Annotations

Branches:
Dungeon (10/15)            Temple (0/1) D:5            Lair (0/5) D:9
    Orc (2/2) D:9         Ossuary (visited)
    Elf: Orc:2

Altars:
Ashenzari
Cheibriados
Gozag
Makhleb
Okawaru
Qazlal
Ru
Trog
Vehumet
Wu Jian
The Shining One

Shops:
D:7 (   D:8 *   Orc:2 ?

Annotations:
D:4 2 runed translucent doors, exclusion: downstairs, ipijda's ghost, amateur DrEE
D:5 4 runed translucent doors, Grinder
D:10 exclusion: upstairs


Innate Abilities, Weirdness & Mutations

You have sharp claws.
You have razor-sharp teeth.
You have supernaturally acute eyesight. (SInv)
You cover ground quickly. (Speed+)
You are covered in thick fur. (AC +2)
Your paws help you pounce on unaware monsters.
You are incapable of wielding weapons or throwing items.
You cannot wear armour.
You gain extra lives every three experience levels.


Message History

Found 11 gold pieces.
An orc warrior and an ogre come into view.
An orc comes into view. It is wielding a +0 flail.
A sourceless malevolence fills the Orcish Mines...
With a horrendous wail, an alarm goes off!
A sentinel's mark forms upon you.
You hear a shout!
The ogre shouts!
The orc shouts!
You hear a shout! x7
You hear two shouts!
You hear a shout! x12
An ogre comes into view. It is wielding a +0 giant spiked club.
An orc comes into view. It is wielding a +0 mace.
As you read the scroll of teleportation, it crumbles to dust.
You feel strangely unstable.
An orc comes into view. It is wielding a +0 club.
Unknown command.
You feel better.
An orc comes into view. It is wielding a +0 club.
An orc comes into view. It is wielding a +0 dagger.
An orc comes into view. It is wielding a +0 mace.
Unknown command.
Unknown command.
An orc comes into view. It is wielding a +0 hand axe.
An ogre comes into view. It is wielding a +0 giant club.
An orc comes into view. It is wielding a +0 dagger.
The orc moves out of view.
A two-headed ogre comes into view.
It is wielding a +0 giant spiked club and a +0 giant club.
Your surroundings seem slightly different. 2 orcs come into view.
Unknown command.
An orc warrior comes into view.
It is wielding a +1 halberd of protection.
An ogre comes into view. It is wielding a +0 giant spiked club.
The orc misses you. The orc completely misses you. x2
A two-headed ogre comes into view. It is wielding two +0 giant clubs.
A warg comes into view.
The orc closely misses you.
The orc hits you from afar with a +0 trident!
* * * LOW HITPOINT WARNING * * *
The orc closely misses you. The orc barely misses you.
The orc warrior hits you from afar with a +1 halberd of protection!
You die...

#.# ##h## # #8.8# # ##
####...#####.. #.
#####..............# ##.
##.......o............ ###..
........o..............#....
##..oo@..........#.....
###..oo..$....#.......))) .
###o..ooo........##.....).<
....
##o.o...T..........###...)))
...###oo.o........O.....
##.....
...##..o.....#...#.O....
###...
##o.........##...##.....
####
...$...O.####.....####.. #
##.......## .....#


You could see a two-headed ogre, a troll, a warg, 3 orc warriors, an ogre and 9
orcs.

Vanquished Creatures
  A two-headed ogre (Orc:1)
  An orc knight (Orc:2)
  An orc sorcerer (Orc:2)
  3 trolls
  2 hornets
  11 yaks (D:9)
  3 wyverns
  2 basilisks (D:9)
  Eustachio (D:5)
  3 wargs
  3 vampire mosquitoes (D:10)
  2 steam dragons
  Menkaure (D:5)
  2 acid dragons
  5 water moccasins
  13 orc warriors
  2 sky beasts
  An ice beast (D:6)
  5 ogres
  5 centaurs
  A phantom (D:5)
  2 bullfrogs (D:8)
  2 kobold brigands
  A gnoll sergeant (D:9)
  8 scorpions
  A necrophage (D:7)
  7 wights
  7 killer bees (D:10)
  4 howler monkeys (D:8)
  8 hounds
  9 orc priests
  A gnoll bouda (D:8)
  3 jellies
  3 iguanas (D:5)
  18 orc wizards
  2 hound zombies (Ossuary)
  5 mummies
  7 gnolls
  7 adders
  2 white imps
  3 adder zombies (Ossuary)
  5 worms
  4 dart slugs
  71 orcs
  3 endoplasms
  7 giant cockroaches
  8 goblins
  6 hobgoblins
  12 jackals
  16 kobolds
  5 quokkas
  6 ball pythons
  8 bats
  5 frilled lizards
  3 goblin zombies
  A jackal zombie (Ossuary)
  3 kobold zombies
  3 rats
  2 rat zombies (Ossuary)
336 creatures vanquished.

Vanquished Creatures (others)
  3 fungi (D:9)
  37 plants
40 creatures vanquished.

Grand Total: 376 creatures vanquished

Notes
Turn   | Place    | Note
-------+----------+-------------------------------------------
     0 | D:1      | 112233 the Felid Earth Elementalist began the quest for the
                  | Orb.
     0 | D:1      | Reached XP level 1. HP: 7/7 MP: 4/4
   384 | D:1      | Reached XP level 2. HP: 11/11 MP: 3/6
  1050 | D:1      | Reached XP level 3. HP: 14/14 MP: 5/7
  1127 | D:1      | Found a faded altar of an unknown god.
  2562 | D:3      | Reached XP level 4. HP: 18/18 MP: 5/8
  3193 | D:4      | Learned a level 3 spell: Stone Arrow
  3196 | D:4      | Learned a level 2 spell: Passwall
  3242 | D:4      | Reached XP level 5. HP: 9/21 MP: 5/9
  3441 | D:4      | Noticed a sky beast
  3472 | D:4      | Killed a sky beast
  3473 | D:4      | Reached skill level 5 in Earth Magic
  3747 | D:4      | Found a burning altar of Makhleb.
  3975 | D:4      | Gained mutation: You are covered in thick fur. (AC +2)
                  | [Felid growth]
  3975 | D:4      | Reached XP level 6. HP: 24/24 MP: 9/12
  4209 | D:4      | Found a runed translucent door.
  4211 | D:4      | Noticed ipijda's ghost (amateur DrEE)
  4237 | D:4      | Found a runed translucent door.
  4382 | D:5      | Entered Level 5 of the Dungeon
  4384 | D:5      | Found a large runed translucent door.
  4384 | D:5      | Noticed a two-headed ogre
  4385 | D:5      | Found a large runed translucent door.
  4388 | D:5      | Found a large runed translucent door.
  4388 | D:5      | Found a large runed translucent door.
  4399 | D:5      | Noticed a hornet
  4547 | D:4      | Learned a level 4 spell: Petrify
  4974 | D:7      | Reached XP level 7. HP: 15/27 MP: 8/14
  5613 | D:6      | Found a radiant altar of Vehumet.
  5707 | D:6      | Became a worshipper of Vehumet
  5767 | D:6      | Found a bloodstained altar of Trog.
  5775 | D:6      | Noticed a steam dragon
  5779 | D:6      | Killed a steam dragon
  5780 | D:6      | Reached skill level 5 in Spellcasting
  6053 | D:5      | Noticed Grinder
  6631 | D:5      | Found an opulent altar of Gozag.
  6812 | D:5      | Noticed Eustachio
  7044 | D:4      | Reached XP level 8. HP: 26/31 MP: 9/17
  7210 | D:5      | HP: 1/31 [Eustachio/+0 vorpal falchion (10)]
  7210 | D:5      | Slain by Eustachio
  7211 | D:5      | Reached XP level 7. HP: -2/27 MP: 10/16
  7224 | D:5      | Killed a hornet
  7224 | D:5      | Reached * piety under Vehumet
  7224 | D:5      | Offered knowledge of Magic Dart by Vehumet.
  7289 | D:5      | Found a staircase to the Ecumenical Temple.
  7568 | D:5      | Noticed Menkaure
  7571 | D:5      | Killed Menkaure
  7657 | D:5      | Reached XP level 8. HP: 25/31 MP: 3/19
  8769 | D:5      | Killed Eustachio
  9630 | D:7      | Reached XP level 9. HP: 34/34 MP: 10/22
  9823 | D:7      | Found Omug's Hydra Hut.
  9859 | D:7      | Noticed a six-headed hydra
  9915 | D:7      | Offered knowledge of Poisonous Vapours by Vehumet.
  9978 | D:7      | Identified the +3 dagger "Embalmer" {holy, *Corrode rN+
                  | Int+5}
 10114 | D:7      | Reached ** piety under Vehumet
 10288 | D:7      | Reached skill level 1 in Fighting
 10336 | D:7      | Found a broken altar of Ashenzari.
 10456 | D:7      | Reached skill level 1 in Conjurations
 10815 | D:8      | Found a snail-covered altar of Cheibriados.
 10891 | D:8      | Offered knowledge of Inner Flame by Vehumet.
 11096 | D:8      | Found Vall's General Store.
 11104 | D:8      | Bought a scroll of teleportation for 36 gold pieces
 11104 | D:8      | Bought a scroll of immolation for 48 gold pieces
 11104 | D:8      | Bought a potion of haste for 120 gold pieces
 11166 | D:8      | Found an ornate altar of the Wu Jian Council.
 11248 | D:8      | Found a stormy altar of Qazlal.
 11360 | D:8      | Found a sand-covered staircase.
 11369 | Ossuary  | Entered an ossuary
 11379 | Ossuary  | Reached *** piety under Vehumet
 11751 | D:8      | Found an iron altar of Okawaru.
 11876 | D:9      | Offered knowledge of Olgreb's Toxic Radiance by Vehumet.
 11877 | D:9      | Reached XP level 10. HP: 41/41 MP: 8/23
 11879 | D:9      | Reached skill level 5 in Dodging
 12194 | D:9      | Found a staircase to the Lair.
 12357 | D:9      | Identified the +11 dagger of Darkness {vorpal, rPois Str+8
                  | Dex-3}
 12555 | D:10     | Entered Level 10 of the Dungeon
 12622 | D:10     | Reached skill level 10 in Earth Magic
 12824 | D:10     | Found a glowing golden altar of the Shining One.
 12924 | D:10     | Reached **** piety under Vehumet
 12926 | D:10     | Slain by a vampire mosquito
 12927 | D:10     | Reached XP level 9. HP: 0/39 MP: 8/23
 13060 | D:10     | Offered knowledge of Freezing Cloud by Vehumet.
 13615 | D:9      | Reached XP level 10. HP: 43/43 MP: 14/24
 13833 | D:9      | Learned a level 5 spell: Freezing Cloud
 13955 | D:9      | Reached skill level 5 in Fighting
 14151 | D:9      | Reached ***** piety under Vehumet
 14428 | D:9      | Found a sacrificial altar of Ru.
 14598 | D:9      | Offered knowledge of Irradiate by Vehumet.
 14649 | D:9      | Found a staircase to the Orcish Mines.
 14777 | Orc:1    | Entered Level 1 of the Orcish Mines
 14819 | Orc:1    | Noticed a two-headed ogre
 14840 | Orc:1    | Killed a two-headed ogre
 14841 | Orc:1    | Reached skill level 5 in Conjurations
 15076 | Orc:1    | Noticed an orc high priest
 15091 | Orc:1    | Noticed an orc sorcerer
 15103 | Orc:1    | Slain by a warg
 15104 | Orc:1    | Reached XP level 9. HP: -1/40 MP: 23/23
 15130 | Orc:2    | Entered Level 2 of the Orcish Mines
 15474 | Orc:2    | Reached XP level 10. HP: 45/45 MP: 18/24
 15562 | Orc:2    | Noticed an orc knight
 15562 | Orc:2    | Noticed an orc sorcerer
 15567 | Orc:2    | Reached skill level 10 in Spellcasting
 15568 | Orc:2    | Killed an orc sorcerer
 15574 | Orc:2    | Killed an orc knight
 15751 | Orc:2    | Found Ucevvaxi's Magic Scroll Boutique.
 15751 | Orc:2    | Noticed an orc knight
 15751 | Orc:2    | Noticed an orc high priest
 15753 | Orc:2    | Noticed a soul eater
 15757 | Orc:2    | HP: 2/45 [orc high priest/divine providence (13)]
 15797 | Orc:2    | Noticed a two-headed ogre
 15802 | Orc:2    | Noticed a two-headed ogre
 15805 | Orc:2    | Slain by an orc warrior

Illustrated notes

Levels and vault maps discovered:
D:1:      tarquinn_simple_flora_water_c, layout_loops_corners,
          shapermc_ecumenical_altar_petra
D:2:      layout_rooms, grunt_ministairs_4, dreamdust_wishing_well
D:3:      layout_loops_cross, lexackson_kobold_supper
D:4:      layout_cave_pools, kennysheep_mini, ebering_ghost_sewer_f,
          grunt_ministairs_3, roderic_serpentine_path
D:5:      minmay_chambers_of_threes, layout_basic,
          mainiacjoe_overflow_concentric_impassable, minmay_temple_entry_wispy,
          minmay_parallelograms, chequers_serial_rivers_marsh,
          minmay_hollow_rounded_squares, uniq_grinder, uniq_eustachio,
          uniq_menkaure
D:6:      layout_basic, nicolae_vehumet_radiance, bloody_trog, minmay_puff
D:7:      old_forge, layout_basic, lemuel_coloured_pillars_altar,
          chequers_serial_rivers_small_b, doesnt_shop_hydraphobe
D:8:      layout_basic, okawaru_metal_pillars_3, amcnicky_altar_gilded,
          mainiacjoe_overflow_catwalk_spiral, nicolae_ossuary_entry_giza,
          serial_shops, nicolae_square_shop
D:9:      layout_basic, marbit_many_paths, minmay_lair_entry_grove,
          hiddenorc1_lemuel, nicolae_wwwww
D:10:     layout_irregular_city, mainiacjoe_overflow_24_doors
Orc:1:    layout_diamond_mine
Orc:2:    pubby_orc_utopia

Skill      XL: |  1  2  3  4  5  6  7  8  9 10 |
---------------+-------------------------------+-----
Earth Magic    | 3 4 5 6 7 9 10 | 10.3
Spellcasting   | 3 4 6 8 10 | 10.1
Dodging        | 4 8 |  8.8
Fighting       | 4 6 |  6.2
Conjurations   | 4 5 |  5.6
Stealth        | |  2.7
Transmutations | |  1.1

Action                   |  1- 3 |  4- 6 |  7- 9 | 10-12 || total
-------------------------+-------+-------+-------+-------++-------
Melee: Unarmed           |       |     2 |     3 |       ||     5
 Cast: Sandblast         |    79 |    71 |    93 |    24 ||   267
       Stone Arrow       |       |       |   205 |   148 ||   353
Evoke: Wand              |       |       |     3 |     1 ||     4
       Condenser vane    |       |       |       |     1 ||     1
  Use: Scroll            |       |     4 |     6 |     3 ||    13
       Potion            |       |       |     1 |     2 ||     3
Armor: Skin              |     1 |     2 |    20 |       ||    23
Dodge: Dodged            |    30 |    44 |   170 |    71 ||   315
